[Event "*** Titled Tuesday Blitz"]
[Site "Chess.com"]
[Date "2019.04.02"]
[Round "3"]
[White "Cruel_Yaro"]
[Black "wonderfultime"]
[Result "1-0"]
[WhiteElo "2677"]
[BlackElo "2902"]
[TimeControl "180+2"]
[EndTime "14:37:30 PDT"]
[Termination "Cruel_Yaro won by resignation"]

1. Nf3 Nf6 2. g3 d5 3. Bg2 c6 4. O-O Bg4 5. b3 Nbd7 6. Bb2 e6 7. d3 Be7 8. Nbd2 O-O 9. c4 a5 10. a3 Re8 11. Rc1 h6 12. Rc2 Bd6 13. Qa1 e5 14. cxd5 cxd5 15. Rfc1 e4 16. dxe4 dxe4 17. Nd4 Bf8 18. h3 Bh5 19. Nf1 Bg6 20. Ne3 Qb6 21. Nc4 Qa6 22. Ne3 Red8 23. a4 b6 24. Nb5 Rac8 25.
Rc7 Bc5 26. Ra7 Bxe3 27. Rxa6 Bxc1 28. Bxc1 Nc5 29. Rxb6 Nxb3 30. Qb2 Nxc1 31. Nd6 Rc5 32. Bf1 e3 33. fxe3 Rc2 34. Qb5 Kh7 35. Rc6 Rd2 36. Rxc1 R8xd6 37. Qxa5 Ra2 38. Qb4 Rdd2 39. a5 Rdb2 40.
Qe1 Rb5 41. Ra1 Rbxa5 42. Qxa5 Rxa5 43. Rxa5 h5 44. Bg2 Ne8 45. Bf3 Kh6 46. e4 Nd6 47.
e5 Nc4 48. Rc5 Ne3 49. Kf2 Nd1+ 50. Ke1 Ne3 51. Rc3 Nc2+ 52. Kf2 Nd4 53. Bd5 Kg5 54.
e4 h4 55. gxh4+ Kxh4 56. Ke3 Ne6 57. Bxe6 fxe6 58. Kf4 Bh5 59. Rc6 g5+ 60. Ke3 Kxh3 61. Rxe6 g4 62. Rh6 1-0

[Event "*** Titled Tuesday Blitz"]
[Site "Chess.com"]
[Date "2019.04.02"]
[Round "3"]
[White "dopolian"]
[Black "novocane"]
[Result "0-1"]
[WhiteElo "2186"]
[BlackElo "2202"]
[TimeControl "180+2"]
[EndTime "14:37:30 PDT"]
[Termination "novocane won by resignation"]

1. e4 c5 2. Nf3 Nc6 3. d4 cxd4 4. Nxd4 e5 5. Nb5 d6 6. N1c3 a6 7. Na3 Be7 8. Nd5 Nf6 9. Nxf6+ Bxf6 10. c4 O-O 11. g3 Be6 12. Bg2 Rc8 13. O-O Nd4 14.
b3 b5 15. cxb5 axb5 16. Bd2 d5 17. Bb4 Re8 18. Qd2 Bh3 19. Qd3 Bxg2 20. Kxg2 h5 21. Rad1 h4 22. Nxb5 h3+ 23. Kg1 Nxb5 24. Qxb5 Rb8 25.
Qa5 Qxa5 26. Bxa5 dxe4 27. Rfe1 Bd8 28. Bc3 f5 29. Rd5 Bf6 30. a4 Rxb3 31. Bd2 Ra3 32. a5 Ra8 33. Rd1 Rd3 34. Rxd3 exd3 35. Bc3 e4 36. Bxf6 gxf6 37. Ra1 Ra6 38. Kf1 Kf7 39.
Ke1 Ke6 40. Kd2 Kd5 41. Ke3 Kc4 42. g4 fxg4 43. Kxe4 Kc3 44. Ra3+ Kd2 45. Rxd3+ Ke2 46. Rg3 Rxa5 47. Rxg4 f5+ 48. Kf4 fxg4 49. Kxg4 Kxf2 50. Kxh3 Kf3 51. Kh4 Kf4 52. h3 Kf5 53. Kh5 Kf6+ 54. Kg4 Kg6 55. h4 Ra4+ 56. Kg3 Kh5 0-1

[Event "*** Titled Tuesday Blitz"]
[Site "Chess.com"]
[Date "2019.04.02"]
[Round "3"]
[White "MrChessSponge"]
[Black "kingofthenil"]
[Result "1-0"]
[WhiteElo "2257"]
[BlackElo "2415"]
[TimeControl "180+2"]
[EndTime "14:37:32 PDT"]
[Termination "MrChessSponge won by resignation"]

1. d4 Nf6 2. c4 c5 3. d5 e6 4.
Nc3 exd5 5. cxd5 d6 6. Nf3 g6 7. Bf4 a6 8. a4 Bg7 9. h3 O-O 10.
e3 Ne8 11. Be2 Nd7 12. O-O Ne5 13. Nd2 f5 14. Qb3 Qe7 15. Rad1 Nf6 16. Nc4 Nxc4 17. Bxc4 Nd7 18. a5 Ne5 19. Na4 g5 20. Bh2 f4 21. exf4 gxf4 22. Rfe1 Qg5 23. Nb6 f3 24. g3 Rb8 25. Nxc8 Rbxc8 26. Bf1 Rf7 27. Re4 h5 28. Rde1 Kh8 29. Qe3 Qg6 30. Rh4 Bf6 31. Re4 Bg5 32.
Qc3 Bf6 33. Qe3 Rg8 34. Kh1 Bg5 35. Qc3 Bf6 36. Qe3 Re7 37. b3 Rge8 38. Qd2 Nc4 39. Rxe7 Nxd2 40. Rxe8+ Kg7 41. Rb8 Nxf1 42. Rxb7+ Kh6 43.
Rxf1 Qd3 44. Kg1 Qxd5 45. Rb6 Bd4 46. g4 hxg4 47. Rxd6+ Qxd6 48. Bxd6 gxh3 49. Kh2 Kg5 50. Kxh3 Kf5 51. Bg3 Ke4 52. Re1+ Kd3 53. Re6 Kc3 54. Rxa6 Kxb3 55. Rc6 c4 56. a6 c3 57. Bf4 c2 58.
Kg3 Kb2 59. Kxf3 Kb1 60. Be3 1-0

[Event "*** Titled Tuesday Blitz"]
[Site "Chess.com"]
[Date "2019.04.02"]
[Round "3"]
[White "Alex_Terzi"]
[Black "Andrjywa"]
[Result "0-1"]
[WhiteElo "2427"]
[BlackElo "2532"]
[TimeControl "180+2"]
[EndTime "14:37:34 PDT"]
[Termination "Andrjywa won by resignation"]

1. e4 c5 2. Nf3 e6 3. d4 cxd4 4. Nxd4 a6 5. c4 Nf6 6. Nc3 Bb4 7. Qd3 d5 8. cxd5 exd5 9. e5 Qe7 10. Bf4 Nh5 11.
Bg3 Nxg3 12. Qxg3 O-O 13. Be2 Bxc3+ 14. bxc3 Re8 15. Nf3 Nc6 16. O-O Nxe5 17. Rad1 Ng6 18. Rfe1 Be6 19. c4 dxc4 20. Bxc4 Qf6 21. Bxe6 Rxe6 22.
Qc7 Rxe1+ 23. Rxe1 b5 24. Rd1 h6 25. h3 Re8 26. a3 Nf4 27. Qd7 Re7 28. Qc8+ Kh7 29. Rd8 Qe6 30. Rh8+ Kg6 31. Qc2+ Qe4 32. Nh4+ Kh5 33.
Qxe4 Rxe4 34. Nf5 Kg6 35. Nh4+ Kg5 36. Nf3+ Kf6 37. Ra8 Ra4 38. Nd2 Rxa3 39. Ne4+ Ke5 40. Nc5 a5 41. Nd7+ Ke6 42. Ra7 a4 43. Nc5+ Kd5 44.
Na6 Ra1+ 45. Kh2 Kc4 46. Rxf7 Nd5 47. Rxg7 a3 48. Rg8 a2 49. Rc8+ Kb3 50. Nc5+ Ka3 51.
Ra8+ Kb2 52. Nd3+ Kc3 53. Nc5 b4 54. f4 b3 55. f5 b2 56. Na4+ Kb3 57. Nxb2 Kxb2 58.
Ra5 Rd1 59. Rb5+ Ka3 0-1

[Event "*** Titled Tuesday Blitz"]
[Site "Chess.com"]
[Date "2019.04.02"]
[Round "3"]
[White "Annawel"]
[Black "TomsKantans"]
[Result "1-0"]
[WhiteElo "2898"]
[BlackElo "2639"]
[TimeControl "180+2"]
[EndTime "14:37:37 PDT"]
[Termination "Annawel won by resignation"]

1. e4 c5 2. Nf3 Nf6 3. Nc3 Nc6 4. d4 d5 5. exd5 Nxd5 6. Bb5 Nxc3 7. bxc3 e6 8. O-O Be7 9. Ba3 Qa5 10. Bxc6+ bxc6 11. Bxc5 Bxc5 12. dxc5 Qxc5 13. Qd4 Qxd4 14. cxd4 f6 15.
Rfb1 Kd7 16. Rb4 Kc7 17. Rab1 Rd8 18. Kf1 Ba6+ 19. Ke1 Rd5 20. Ra4 Bb5 21. Ra5 Bc4 22. Ra4 Bb5 23. Rab4 Ba6 24. R1b3 Rb5 25. Kd2 Rxb4 26. Rxb4 Bf1 27. g3 a5 28. Rb1 Bc4 29. a3 Rd8 30. Kc3 Bb5 31. Re1 Kd6 32. Nd2 Ke7 33. Nb3 a4 34. Nc5 Rd6 35. f4 Kf7 36.
Re3 h6 37. h4 h5 38. Ne4 Rd5 39.
Nc5 Rd6 40. Re4 f5 41. Re5 Kf6 42. Re1 Kf7 43. Rd1 Ke7 44. Rd2 Rd8 45. Kb4 Ra8 46.
c4 Ba6 47. Re2 Bc8 48. Nxa4 Rb8+ 49. Kc3 Ra8 50. Kb4 Rb8+ 51. Kc5 Rb3 52. Nb6 Bd7 53.
Ra2 Rxg3 54. a4 1-0

[Event "*** Titled Tuesday Blitz"]
[Site "Chess.com"]
[Date "2019.04.02"]
[Round "3"]
[White "martinmartinez95"]
[Black "LimeInTheCoconut"]
[Result "1/2-1/2"]
[WhiteElo "2556"]
[BlackElo "2516"]
[TimeControl "180+2"]
[EndTime "14:37:38 PDT"]
[Termination "Game drawn - insufficient material"]

1. d4 Nf6 2. c4 e6 3. Nf3 d5 4. Nc3 dxc4 5. e3 a6 6. a4 Be7 7. Bxc4 O-O 8. O-O c5 9. dxc5 Qxd1 10. Rxd1 Bxc5 11. Bd2 Nbd7 12. a5 b5 13. axb6 Nxb6 14. Be2 Bb7 15. Na4 Nxa4 16. Rxa4 Rfd8 17. Rda1 h6 18.
h3 Rab8 19. Bc3 Nd5 20. Bxa6 Nxc3 21. bxc3 Bxf3 22. gxf3 Rb2 23. R4a2 Rdd2 24. Rxb2 Rxb2 25. Bd3 g6 26. Ra8+ Kg7 27. Rc8 Be7 28. c4 Bh4 29. c5 Bxf2+ 30. Kh1 Bxe3 31. c6 Rd2 32. c7 Rxd3 33. Rd8 Rc3 34. c8=Q Rxc8 35. Rxc8 Bd4 36. Kg2 f5 37. Kf1 Kf6 38. Kg2 Be5 39. h4 g5 40.
h5 g4 41. fxg4 fxg4 42. Rg8 Bf4 43. Rxg4 Bg5 44. Kf3 Kf5 45. Ra4 e5 46. Ra8 e4+ 47. Kg3 Bf4+ 48. Kh3 Bg5 49. Rf8+ Ke5 50. Kg4 Kd4 51.
Rd8+ Ke3 52. Rd5 Kf2 53. Rf5+ Kg2 54. Rxg5 hxg5 55. h6 e3 56. h7 e2 57. h8=Q e1=Q 58. Qh3+ Kg1 59. Kxg5 Qf1 60. Qxf1+ Kxf1 1/2-1/2

[Event "*** Titled Tuesday Blitz"]
[Site "Chess.com"]
[Date "2019.04.02"]
[Round "3"]
[White "DanielMieles1985"]
[Black "Sashadav97"]
[Result "1-0"]
[WhiteElo "2686"]
[BlackElo "2526"]
[TimeControl "180+2"]
[EndTime "14:37:39 PDT"]
[Termination "DanielMieles1985 won by resignation"]

1. d4 d5 2. c4 e6 3. Nc3 c5 4.
cxd5 cxd4 5. Qa4+ Bd7 6. Qxd4 exd5 7. Qxd5 Nf6 8. Qd1 Nc6 9. Nf3 Bc5 10. e3 Qe7 11. Be2 O-O-O 12. O-O Kb8 13. a3 g5 14.
b4 Bb6 15. Bb2 g4 16. Nh4 Ne5 17. Qc2 Rhg8 18. Rfd1 Bc6 19. Qf5 Bd7 20. Nd5 Nxd5 21. Qxe5+ Qxe5 22. Bxe5+ Nc7 23. Bc4 Be6 24. Bxe6 fxe6 25.
g3 Kc8 26. Ng2 Rd5 27. Bxc7 Rxd1+ 28. Rxd1 Bxc7 29. Nf4 Re8 30. Kg2 Be5 31. h3 gxh3+ 32. Kxh3 b5 33. Rc1+ Kd7 34. Rc5 Bxf4 35. gxf4 a6 36. f5 exf5 37. Rxf5 Rc8 38. Rf6 Ra8 39. Rh6 a5 40. Rb6 axb4 41. axb4 Ra2 42. Kg3 h5 43. Rxb5 h4+ 44. Kf3 Rb2 45. Rg5 h3 46. Rh5 Rxb4 47.
Rxh3 Ke6 48. Rh5 Kf6 49. e4 Rb2 50. Ra5 Ke6 51. Kg3 Rc2 52. f3 Rc8 53. Kf4 Rf8+ 54.
Ke3 Rb8 55. Ra6+ Ke7 56. e5 Rb4 57. f4 Rc4 58. Kf3 Rb4 59. Kg4 Rb8 60. Kf5 Rb7 61.
Rh6 Rb4 62. Rh7+ Ke8 63. e6 Ra4 64. Kg5 Ra1 65. f5 Rg1+ 66. Kf6 Rg8 67. Ra7 Rf8+ 68.
Ke5 Kd8 69. Ra8+ Ke7 70. f6+ Rxf6 71. Ra7+ 1-0

[Event "*** Titled Tuesday Blitz"]
[Site "Chess.com"]
[Date "2019.04.02"]
[Round "3"]
[White "Denis_Palkovich"]
[Black "melicg25"]
[Result "1-0"]
[WhiteElo "2239"]
[BlackElo "2302"]
[TimeControl "180+2"]
[EndTime "14:37:41 PDT"]
[Termination "Denis_Palkovich won by checkmate"]

1. d4 Nf6 2. Bf4 g6 3. e3 Bg7 4.
Nf3 O-O 5. Be2 d6 6. h3 Nc6 7.
O-O Nd7 8. c4 e5 9. Bh2 f5 10.
Nc3 e4 11. Nd2 Ne7 12. b4 g5 13. Rc1 Qe8 14. c5 d5 15. Nb5 c6 16. Nc7 Qd8 17. Nxa8 f4 18. Bg4 Ng6 19. b5 Nf6 20. Bxc8 Qxc8 21.
bxc6 bxc6 22. Nb6 axb6 23. cxb6 f3 24. g4 Nxg4 25. b7 Qxb7 26. hxg4 Qd7 27. Kh1 Qxg4 28.
Rg1 Qh4 29. Rg3 Rf6 30. Qf1 g4 31. Qg1 h5 32. a4 Ne7 33. a5 Rf8 34. Rxc6 Nxc6 35.
a6 Ra8 36. Qa1 Ne7 37. a7 Qf6 38. Rg1 Nc6 39. Rc1 Rxa7 40. Qb2 Rf7 41. Nf1 Ne7 42. Qb7 Qg5 43. Rc7 Bf8 44. Bd6 Qg7 45. Ng3 h4 46.
Bxe7 Bxe7 47. Nf5 Rxf5 48. Rxe7 Rf7 49. Qxd5 Kf8 50. Qd8# 1-0

[Event "*** Titled Tuesday Blitz"]
[Site "Chess.com"]
[Date "2019.04.02"]
[Round "3"]
[White "AsaHoffmann"]
[Black "Nancy11111"]
[Result "1/2-1/2"]
[WhiteElo "2214"]
[BlackElo "2294"]
[TimeControl "180+2"]
[EndTime "14:37:46 PDT"]
[Termination "Game drawn by stalemate"]

1. d4 d5 2. Bg5 h6 3. Bh4 g5 4. Bg3 Bg7 5. e3 Nf6 6. c4 c6 7. Nc3 Bf5 8. Qb3 Qb6 9. c5 Qxb3 10.
axb3 Nbd7 11. b4 O-O 12. b5 Ne4 13. Nxe4 Bxe4 14. Nf3 f5 15. Be5 Nxe5 16. Nxe5 Bxe5 17. dxe5 f4 18. f3 Bg6 19. exf4 Rxf4 20. bxc6 bxc6 21.
Ra6 Be8 22. Bd3 Rb4 23. Ra2 Rab8 24. Rxa7 Rxb2 25. O-O Rd2 26. Bf5 Rbb2 27. Bh3 h5 28. Rxe7 Kf8 29. Rh7 Bg6 30. Rc7 Be8 31. Rh7 Re2 32.
e6 Rbc2 33. Rh8+ Ke7 34. Rh7+ Kd8 35. Ra1 Ra2 36. Rxa2 Rxa2 37. Rg7 g4 38. fxg4 hxg4 39. Bxg4 d4 40. Kf1 d3 41. Ke1 Rxg2 42. h3 d2+ 43.
Kd1 Kc8 44. Rg8 Kd8 45. Bh5 Ke7 46. Rxe8+ Kf6 47. Bg4 Ke5 48. Rd8 Kf6 49. Rxd2 Rg1+ 50. Kc2 Ke7 51. Rd7+ Ke8 52. e7 Rxg4 53. Rc7 Rg2+ 54.
Kd3 Rg3+ 55. Ke4 Rxh3 56. Ke5 Rd3 57. Rxc6 Kxe7 58. Rc7+ Kd8 59. Rg7 Kc8 60. Ke6 Rd1 61. Rg5 Rd2 62. Rd5 Rxd5 63. Kxd5 Kc7 64. c6 Kc8 65.
Kd6 Kd8 66. c7+ Kc8 67. Kc6 1/2-1/2

[Event "*** Titled Tuesday Blitz"]
[Site "Chess.com"]
[Date "2019.04.02"]
[Round "3"]
[White "nutibara"]
[Black "WanderingPuppet"]
[Result "0-1"]
[WhiteElo "2371"]
[BlackElo "2408"]
[TimeControl "180+2"]
[EndTime "14:37:46 PDT"]
[Termination "WanderingPuppet won by resignation"]

1. e4 c5 2. Nf3 d6 3. d4 cxd4 4.
Nxd4 Nf6 5. Nc3 a6 6. Bc4 e6 7.
Bb3 Nbd7 8. Bg5 Nc5 9. f4 h6 10. Bxf6 Qxf6 11. O-O Be7 12. f5 Qe5 13. Nf3 Qf6 14.
e5 dxe5 15. fxe6 Bxe6 16. Nd4 exd4 17. Rxf6 Bxf6 18. Nd5 Bxd5 19. Bxd5 O-O 20. Qf3 Rad8 21. Re1 b6 22. g3 a5 23. Kg2 Rd6 24. h4 Rfd8 25.
Bc4 Na4 26. b3 Nc5 27. a4 d3 28.
cxd3 Nxd3 29. Re7 Bxe7 30. Qxf7+ Kh8 31. Qxe7 Nc5 32. Kh3 Nd3 33. Qc7 Nf2+ 34. Kg2 Nd1 35. Qf7 Ne3+ 36. Kh3 Nxc4 37. Qxc4 Re8 38. Qc7 Ree6 39.
Qb8+ Kh7 40. Qb7 Rc6 41. Qa7 Rc3 42. Qb7 Ree3 43. Qd7 Rxg3+ 44. Kh2 Rg6 45. h5 Rg5 46.
Qe8 Rf3 47. Qe4+ Rff5 48. Qd3 Rxh5+ 49. Kg3 Rg5+ 50. Kh3 Kg6 51. Qd6+ Rf6 52. Qd3+ Rgf5 53. Kg4 Kh7 54. Qc2 Kg8 55. Qc8+ Kh7 56. Qc2 h5+ 57.
Kh4 Kh6 58. Qc1+ g5+ 59. Kg3 Rf3+ 60. Kg2 Rf2+ 61. Kg1 Rf1+ 62. Qxf1 Rxf1+ 63. Kxf1 g4 64. Kg2 h4 0-1

[Event "*** Titled Tuesday Blitz"]
[Site "Chess.com"]
[Date "2019.04.02"]
[Round "3"]
[White "pedroholly22"]
[Black "cukus"]
[Result "0-1"]
[WhiteElo "2257"]
[BlackElo "2400"]
[TimeControl "180+2"]
[EndTime "14:37:49 PDT"]
[Termination "cukus won by resignation"]

1. e4 e5 2. Nf3 Nf6 3. Nxe5 d6 4. Nc4 Nxe4 5. Qe2 Qe7 6. Ne3 c6 7. g3 g6 8. Bg2 Nf6 9. O-O Bg7 10. d4 d5 11. Re1 Be6 12. c4 dxc4 13. d5 cxd5 14. Nxd5 Nxd5 15. Bxd5 O-O 16. Bxe6 Qxe6 17. Qxe6 fxe6 18.
Rxe6 Nc6 19. Nc3 Nd4 20. Re4 Rae8 21. Be3 Rxe4 22. Nxe4 Nc2 23. Rc1 Nxe3 24. fxe3 b5 25. b3 cxb3 26. axb3 Re8 27. Nd6 Rxe3 28. Rc8+ Bf8 29.
Nxb5 a6 30. Nc7 Rc3 31. Kg2 Kf7 32. Rxf8+ Kxf8 33. Nxa6 Rxb3 34. Nc5 Rb4 35. Ne6+ Kf7 36. Ng5+ Kg7 37. Ne6+ Kf6 38. Nf4 Rb3 39. h4 h6 40.
Nd5+ Ke5 41. Nf4 g5 42. hxg5 hxg5 43. Nh3 g4 44. Nf2 Rb2 45. Kf1 Rxf2+ 46. Kxf2 Kd4 47. Kf1 Ke3 48. Ke1 Kf3 49. Kf1 Kxg3 50. Kg1 Kh3 51. Kh1 g3 52. Kg1 g2 53. Kf2 Kh2 54. Kf3 g1=Q 55. Kf4 Qg6 56. Ke5 Qf7 57. Ke4 Qf6 58. Kd5 Qe7 59. Kd4 Qe6 60. Kc5 Kg3 61. Kd4 Kf4 62.
Kc5 Ke5 63. Kb4 Kd4 64. Kb5 Qd6 65. Ka4 Qb8 66. Ka5 Kc5 0-1

[Event "*** Titled Tuesday Blitz"]
[Site "Chess.com"]
[Date "2019.04.02"]
[Round "3"]
[White "JonahWillow"]
[Black "penguingm1"]
[Result "0-1"]
[WhiteElo "2688"]
[BlackElo "2963"]
[TimeControl "180+2"]
[EndTime "14:37:51 PDT"]
[Termination "penguingm1 won on time"]

1. e4 e5 2. Nf3 Nc6 3. Nc3 Nf6 4. Bb5 Bb4 5. O-O O-O 6. d3 d6 7. Bg5 Bxc3 8. bxc3 Qe7 9. Re1 Nd8 10. d4 Ne6 11.
Bc1 c5 12. Bf1 Rd8 13. d5 Nf8 14. g3 Bd7 15. a4 Rdb8 16. Nd2 b6 17. Nc4 h6 18.
Bd2 N8h7 19. Bg2 Ng5 20. f4 Bg4 21. fxg5 Bxd1 22. gxf6 Qxf6 23. Raxd1 a6 24. Rf1 Qe7 25. Ne3 b5 26. Nf5 Qd8 27. Rf2 Ra7 28. axb5 axb5 29. Rdf1 Rba8 30. Bh3 Ra1 31. Bc1 R8a7 32. Kg2 Qf8 33.
g4 Rb1 34. g5 hxg5 35. Bxg5 Rxf1 36. Rxf1 f6 37. Be3 Ra2 38. Rf2 Qd8 39. Nh4 Qa5 40. Be6+ Kf8 41. Ng6+ Ke8 42. Nh4 Qxc3 43. Nf5 Rxc2 44.
Nxd6+ Kd8 45. Nxb5 Rxf2+ 46. Bxf2 Qc2 47. Nd6 c4 48.
Kf3 Kc7 49. Nf5 Qd3+ 50. Be3 c3 51. d6+ Kd8 52. Kf2 Qa6 53. Bd5 c2 54. Nxg7 Qxd6 55.
Ne6+ Ke7 56. Nc5 c1=Q 57. Bxc1 Qxc5+ 58. Be3 Qc2+ 59. Kg3 Qd3 60. Kf2 f5 61. Bc5+ Kf6 62.
Be3 f4 0-1

[Event "*** Titled Tuesday Blitz"]
[Site "Chess.com"]
[Date "2019.04.02"]
[Round "3"]
[White "DrVitman"]
[Black "moro182"]
[Result "0-1"]
[WhiteElo "2632"]
[BlackElo "2767"]
[TimeControl "180+2"]
[EndTime "14:37:53 PDT"]
[Termination "moro182 won on time"]

1. d4 d5 2. c4 e6 3. Nc3 Nf6 4. cxd5 exd5 5. Bg5 c6 6. e3 h6 7. Bh4 Be6 8. Bd3 Nbd7 9. Nge2 g5 10. Bg3 Nh5 11.
Qc2 Nxg3 12. Nxg3 h5 13. Bf5 Qf6 14. Bxe6 fxe6 15. Qe2 h4 16. Nh5 Qg6 17. g4 O-O-O 18.
h3 Bd6 19. O-O-O e5 20. dxe5 Bxe5 21. Qc2 Qxc2+ 22. Kxc2 Rhf8 23. Rdf1 Rf3 24. Kd2 Rdf8 25. Ke2 Nc5 26. Nd1 Ne4 27. b3 Kd7 28. Nf4 R3xf4 29. exf4 Rxf4 30. Re1 Bd4 31. Rhf1 b5 32. Kd3 Bb6 33.
Ke2 a5 34. Ne3 Ke6 35. Rc1 c5 36. Nf5 c4 37. f3 Nc5 38. Rfd1 Nd3 39. Rc2 Ne5 40.
bxc4 Nxc4 41. Rd3 a4 42. Ng7+ Ke5 43. Nh5 Rf7 44. f4+ gxf4 45. g5 Rf5 46. Nf6 Ke6 47. Nxd5 Rxd5 48. Rxd5 Kxd5 49. g6 Ke6 50. Kf3 Kf6 51. Rg2 Ne5+ 52. Kxf4 Nxg6+ 53. Ke4 b4 54. Rb2 Bc5 55. Rc2 Be7 56. Rc6+ Kf7 57. Kf5 Nf8 58. Ra6 a3 59. Ke5 Nd7+ 60. Kd5 Nc5 61. Rb6 Na4 62.
Rb7 Nc3+ 63. Kc4 Nxa2 64. Kb3 Nc1+ 65. Kc2 Ne2 66. Kd3 Nf4+ 67. Ke4 Nxh3 68. Ra7 b3 69.
Kf5 b2 70. Kg4 Nf2+ 71. Kf3 b1=Q 72. Ra4 Qb3+ 73. Ke2 Qxa4 74. Kd2 Qd4+ 75. Ke2 Qd3+ 76. Ke1 a2 77. Kxf2 a1=Q 78. Kg2 Qaf1+ 0-1

[Event "*** Titled Tuesday Blitz"]
[Site "Chess.com"]
[Date "2019.04.02"]
[Round "3"]
[White "Margency"]
[Black "Firouzja2003"]
[Result "0-1"]
[WhiteElo "2694"]
[BlackElo "3089"]
[TimeControl "180+2"]
[EndTime "14:37:54 PDT"]
[Termination "Firouzja2003 won by resignation"]

1. e4 c5 2. Nf3 d6 3. d4 cxd4 4. Nxd4 Nf6 5. Nc3 a6 6. g3 e5 7.
Nb3 Be7 8. a4 O-O 9. Bg2 Nc6 10.
O-O Nb4 11. a5 Bd7 12. Be3 Rc8 13. Bb6 Qe8 14. Qd2 Be6 15. Rac1 Rc4 16. Nd5 Bxd5 17. exd5 Qb5 18. Rfd1 Rfc8 19. Na1 Ne4 20. Qe2 Nf6 21. Qd2 Ne4 22. Qe1 f5 23. Bf1 Ng5 24. Qe3 Nxd5 25.
Bxc4 Qxc4 26. Qb3 Nxb6 27. axb6 Kf7 28. Kg2 Ke6 29. c3 d5 30. Qxc4 Rxc4 31. Nc2 Bc5 32. h4 Ne4 33. Ne3 Bxe3 34. fxe3 Rc6 35. Kf3 Rxb6 36.
Rc2 Rc6 37. g4 b5 38. gxf5+ Kxf5 39. Rxd5 Rh6 40. Rh2 g5 41. Rd8 g4+ 42. Kg2 Rc6 43. Rf8+ Ke6 44. h5 b4 45. cxb4 Rc2+ 46. Kg1 Rc1+ 47. Rf1 Rc4 48. Rh4 Ng5 49. Kg2 Rxb4 50.
Kg3 Ne4+ 51. Kg2 Rxb2+ 52. Kg1 Nd2 53. Rxg4 Nxf1 54. Kxf1 Rh2 55. Ra4 Rxh5 56. Rxa6+ Kf5 57. Kf2 Rh3 58. Ra4 h5 59. Rb4 h4 60. Ra4 Rh2+ 61.
Kf3 e4+ 62. Rxe4 Rh3+ 63. Kg2 Rg3+ 0-1

[Event "*** Titled Tuesday Blitz"]
[Site "Chess.com"]
[Date "2019.04.02"]
[Round "3"]
[White "Robin-Side"]
[Black "ChessQueen"]
[Result "1-0"]
[WhiteElo "2569"]
[BlackElo "2667"]
[TimeControl "180+2"]
[EndTime "14:37:54 PDT"]
[Termination "Robin-Side won by resignation"]

1. d4 Nf6 2. Nc3 d5 3. e4 Nxe4 4. Nxe4 dxe4 5. Bc4 g6 6. Be3 Bg7 7. Qd2 Nc6 8. O-O-O O-O 9. Ne2 Be6 10. Bxe6 fxe6 11. Kb1 a5 12. Nc3 Nb4 13. a3 Nd5 14. Nxe4 b5 15. Nc5 Qd6 16. h4 a4 17. h5 b4 18.
hxg6 hxg6 19. Bh6 Rf7 20. Bxg7 Rxg7 21. Qh6 Kf7 22. Ne4 Qf4 23. Ng5+ Kf6 24. Rd3 Qxg5 25. Rf3+ Qf5 26. Rxf5+ exf5 27. Qh2 Rd8 28. Qe5+ Kf7 29.
axb4 Rd6 30. c4 Nf6 31. Re1 Kf8 32. f3 Rh7 33. Qc5 Ne8 34. d5 g5 35. Re5 Rf6 36.
Re6 Rh1+ 37. Ka2 Rh2 38. Qg1 Rhh6 39. Rxf6+ Rxf6 40. Qe3 f4 41. Qa7 Rd6 42. Qxa4 Rh6 43. Qc2 Nd6 44. c5 Nf7 45. Qf5 Ra6+ 46. Kb3 Ra8 47. Qg6 Rb8 48. Qc6 Rc8 49. Qb7 Rd8 50.
Qxc7 Rxd5 51. Qc8+ Kg7 52. b5 Ne5 53. b6 Rd3+ 54. Kc2 Re3 55. b7 Re2+ 56. Kc3 Re3+ 57.
Kd2 Nc4+ 58. Kc2 Re2+ 59. Kc3 Nxb2 60. b8=Q Nd1+ 61. Kd3 1-0

[Event "*** Titled Tuesday Blitz"]
[Site "Chess.com"]
[Date "2019.04.02"]
[Round "3"]
[White "pastouche06"]
[Black "JSMastropiero"]
[Result "0-1"]
[WhiteElo "2394"]
[BlackElo "2253"]
[TimeControl "180+2"]
[EndTime "14:37:55 PDT"]
[Termination "JSMastropiero won by resignation"]

1. d4 Nf6 2. c4 g6 3. Nc3 Bg7 4. e4 d6 5. f3 O-O 6. Nge2 c5 7. Be3 Nc6 8. d5 Ne5 9. Ng3 e6 10.
Be2 exd5 11. cxd5 h5 12. O-O a6 13. a4 h4 14. Nh1 Nh7 15. Nf2 f5 16. exf5 gxf5 17. Qd2 Qf6 18. Nh3 Bd7 19. Nf4 Qf7 20.
Rfe1 Rae8 21. Bf1 Kh8 22. Kh1 Nf6 23. Rad1 Nh5 24. Ne6 Bxe6 25. dxe6 Rxe6 26. f4 Ng3+ 27. Kg1 Nxf1 28. Kxf1 Nc4 29. Qf2 Nxe3+ 30. Rxe3 Rxe3 31. Qxe3 Qc4+ 32. Qe2 Qxe2+ 33. Kxe2 Bd4 34. Rd3 Re8+ 35.
Kd2 Rg8 36. g3 h3 37. Ne2 Bxb2 38. Rxd6 b5 39. axb5 axb5 40. Rb6 b4 41. Rc6 Rd8+ 42. Kc2 Bd4 43. Nxd4 cxd4 44. Rb6 Kg7 45. Rxb4 Kg6 46.
Kd3 Kh5 47. Rxd4 Ra8 48. Ke3 Kg4 49. Rd2 Ra3+ 50. Kf2 Rf3+ 51. Ke2 Ra3 52. Rd7 Ra2+ 53. Ke3 Rxh2 54. Rh7 Ra2 55. Rh4+ Kxg3 56. Rh8 h2 57. Kd4 Kg2 58. Ke5 Ra5+ 0-1

[Event "*** Titled Tuesday Blitz"]
[Site "Chess.com"]
[Date "2019.04.02"]
[Round "3"]
[White "2165149677570"]
[Black "rubhani"]
[Result "1-0"]
[WhiteElo "2368"]
[BlackElo "2467"]
[TimeControl "180+2"]
[EndTime "14:37:57 PDT"]
[Termination "2165149677570 won by resignation"]

1. e4 c6 2. d4 d5 3. exd5 cxd5 4. c4 Nf6 5. Nc3 e6 6. Nf3 Bb4 7. cxd5 Nxd5 8. Bd2 O-O 9. Bd3 Nc6 10. O-O Nf6 11. a3 Be7 12. Bf4 b6 13. Rc1 Bb7 14. Bb1 Rc8 15. Qd3 g6 16. Rfd1 Qd7 17. Bh6 Rfd8 18. h4 Na5 19. Ne5 Qe8 20. Ba2 Nd7 21. Qg3 Nxe5 22.
Qxe5 Bf8 23. Bg5 Rd7 24. h5 Bg7 25. Bf6 Nc6 26. Qf4 Bxf6 27. Qxf6 Qd8 28. Qxd8+ Rcxd8 29. d5 exd5 30. Nxd5 Kg7 31. hxg6 hxg6 32. f4 Ne7 33. Ne3 Nc6 34. Rxd7 Rxd7 35. Bd5 Nd4 36. Rd1 Ne2+ 37. Kf2 Bxd5 38. Kxe2 Be6 39. Rxd7 Bxd7 40. Kd3 Kf6 41. g4 Ke6 42. Kd4 Bc6 43. f5+ gxf5 44. gxf5+ Kd6 45. Ng4 Bd7 46. Nh6 f6 47. Ke4 Bc6+ 48. Kf4 Ke7 49. Ng4 Bd5 50. Ne3 Bf7 51. Ke4 Kd6 52. Ng4 Ke7 53. Nh6 Bh5 54. Kd4 Bf3 55. Ke3 Bh5 56. Kf4 Kf8 57. b4 Ke7 58. a4 Kd6 59. a5 bxa5 60. bxa5 Ke7 61. Ng4 Bxg4 62. Kxg4 Kd6 63. Kh5 Kd5 64. Kg6 Ke5 65. a6 1-0

[Event "*** Titled Tuesday Blitz"]
[Site "Chess.com"]
[Date "2019.04.02"]
[Round "3"]
[White "Mbneu"]
[Black "Alex_Molchanov"]
[Result "1-0"]
[WhiteElo "2310"]
[BlackElo "2446"]
[TimeControl "180+2"]
[EndTime "14:37:59 PDT"]
[Termination "Mbneu won by resignation"]

1. d4 Nf6 2. c4 e6 3. Nc3 Bb4 4. Bg5 h6 5. Bh4 b6 6. Nf3 Bb7 7. e3 g5 8. Bg3 Ne4 9. Nd2 Bxc3 10. bxc3 d6 11. Qc2 f5 12. Nxe4 Bxe4 13. Qb3 Nd7 14.
f3 Bb7 15. Bd3 Qf6 16. O-O O-O 17. c5 f4 18. exf4 gxf4 19. Bxf4 Qxf4 20. Qxe6+ Qf7 21. Qxh6 Nf6 22. cxd6 cxd6 23. Rae1 Rae8 24. Bg6 Qg7 25. Qxg7+ Kxg7 26. Bxe8 Rxe8 27. Rxe8 Nxe8 28. Kf2 Bd5 29. a3 Nc7 30. a4 Bb3 31. Ra1 Nd5 32. Ra3 Bc4 33. g4 Nf4 34. h4 Kf6 35. h5 Kg5 36.
Ke3 Nd5+ 37. Kd2 Kf4 38. Ra1 Nf6 39. Rg1 Nh7 40. Re1 Ng5 41. Re7 Nxf3+ 42. Kc2 Ng5 43.
h6 Bf7 44. Kb2 Bg6 45. Rxa7 Kxg4 46. Rb7 Kh5 47. Rxb6 Ne4 48. a5 Nd2 49. Rb4 Bd3 50.
Ka3 Kxh6 51. Rb8 Kg6 52. Rd8 Kf7 53. Kb4 Ke7 54. Rh8 Kd7 55. Rh3 Ba6 56. Rh7+ Kc6 57.
Ra7 Bc8 58. c4 d5 59. cxd5+ Kxd5 60. Rc7 Ba6 61. Rd7+ Kc6 62. Ra7 Bd3 63. Kc3 Ne4+ 64. Kxd3 Nd6 65. Rh7 Kd5 66. Rd7 Kc6 67. Rxd6+ Kxd6 68. Kc4 Kc6 69. d5+ Kd6 70. Kd4 Kc7 71. Kc5 Kd7 72.
d6 Kc8 73. Kc6 Kb8 74. d7 Ka7 75. d8=Q 1-0

[Event "*** Titled Tuesday Blitz"]
[Site "Chess.com"]
[Date "2019.04.02"]
[Round "3"]
[White "Durarbayli"]
[Black "Yoshkinkot"]
[Result "1-0"]
[WhiteElo "2758"]
[BlackElo "2538"]
[TimeControl "180+2"]
[EndTime "14:38:00 PDT"]
[Termination "Durarbayli won by resignation"]

1. e4 c6 2. d3 d5 3. Nd2 g6 4. Ngf3 Bg7 5. Be2 Nf6 6. O-O O-O 7. c3 Re8 8. e5 Nfd7 9. d4 c5 10.
b4 cxd4 11. cxd4 Nb6 12. a4 Bg4 13. a5 Nc8 14. Nb3 e6 15. h3 Bxf3 16. Bxf3 a6 17. Nc5 Qc7 18. Bg5 Nd7 19. Qb3 Na7 20. Rfc1 Nc6 21.
Be3 Reb8 22. Be2 Qc8 23. Qa4 b5 24. axb6 Nxb6 25. Qa3 Nc4 26. Bxc4 dxc4 27. Rxc4 a5 28. bxa5 Nxa5 29. Ra4 Nc4 30. Qc3 Rxa4 31. Rxa4 Nb6 32. Ra1 Nd5 33. Qd2 Bf8 34. Ne4 Qb7 35. Bh6 Bb4 36. Qg5 Be7 37. Qd2 Qb4 38. Qxb4 Bxb4 39. Kf1 Be7 40. Ke2 Rb2+ 41. Kd3 Rb8 42. g3 Rc8 43. h4 Nb4+ 44. Ke2 Nd5 45. Ra7 Rc2+ 46. Kd3 Rc8 47. Ke2 Rc2+ 48. Kf1 Rc8 49. Kg2 Rb8 50. Kh3 Rc8 51. Rb7 Ra8 52. Kg4 Ba3 53. Kf3 Be7 54. Bg5 Bf8 55. Nf6+ Nxf6 56. Bxf6 Ra3+ 57. Ke4 Ra8 58. Rd7 Bb4 59. g4 h5 60. gxh5 gxh5 61.
Rb7 Bf8 62. f4 Rc8 63. f5 Rc1 64. Rb8 Re1+ 65. Kd3 Rd1+ 66. Ke3 Re1+ 67. Kd2 Re4 68. Kd3 exf5 69. Be7 Kg7 70. Bxf8+ Kg6 71. Be7 1-0